 Dungeon Crawl Stone Soup version 0.29.1-15-g9cfb28693d (webtiles) character file.

Game seed: 9794154018863283380

15 promet the Magician (level 2, 0/15 HPs)
             Began as a Deep Elf Hedge Wizard on Mar 13, 2023.
             Slain by a kobold
             ... wielding a +0 club
              (2 damage)
             ... on level 1 of the Dungeon.
             The game lasted 00:05:21 (670 turns).

promet the Magician (Deep Elf Hedge Wizard)          Turns: 670, Time: 00:05:22

Health: 0/15       AC:  3    Str:  7    XL:     2   Next: 34%
Magic:  10/10      EV: 12    Int: 18    God:
Gold:   33         SH:  0    Dex: 14    Spells: 5/11 levels left

rFire   . . .      SeeInvis .   a - +0 short sword
rCold   . . .      Faith    .   (no shield)
rNeg    . . .      Spirit   .   b - +0 robe
rPois   .          Reflect  .   c - +0 hat
rElec   .          Harm     .   (no cloak)
rCorr   .          Rampage  .   (no gloves)
Will    .....                   h - +0 pair of boots
Stlth   ++........              (no amulet)
HPRegen 0.05/turn               (no ring)
MPRegen 0.12/turn               (no ring)

@: no status effects
A: no striking features
a: no special abilities


You were on level 1 of the Dungeon.
You visited 1 branch of the dungeon, and saw 1 of its levels.

You collected 33 gold pieces.

Inventory:

Hand Weapons
 a - a +0 short sword (weapon)
 j - a +0 dagger
Missiles
 e - 8 stones
Armour
 b - a +0 robe (worn)
 c - a +0 hat (worn)
 h - a +0 pair of boots (worn)
Scrolls
 f - a scroll of brand weapon {unknown}
Potions
 g - a potion of cancellation {unknown}
 i - a potion of brilliance {unknown}


   Skills:
 + Level 0.3 Short Blades
 + Level 2.8 Dodging
 + Level 2.4 Stealth
 + Level 5.1 Spellcasting
 + Level 1.1 Conjurations
 + Level 1.1 Summonings
 + Level 1.1 Translocations


You had 5 spell levels left.
You knew the following spells:

 Your Spells              Type           Power      Damage    Failure   Level
a - Magic Dart            Conj           32%        1d4       9%          1
b - Slow                  Hex            16%        N/A       13%         1
c - Blink                 Tloc           16%        N/A       13%         2
d - Call Imp              Summ           8%         N/A       13%         2

Your spell library contained the following spells:

 Spells                   Type           Power      Damage    Failure   Level
 Conjure Flame            Conj/Fire      6%         6-21      32%         3
 Mephitic Cloud           Conj/Pois/Air  5%         N/A       34%         3


Dungeon Overview and Level Annotations

Branches:
Dungeon (1/15)

Altars:


Message History

Press: ? - help, Shift-Dir - straight line, f - kobold
Aim: a kobold, wielding a +0 club (ally target, 100% to hit)
The magic dart hits the kobold.
The kobold is severely wounded.
A giant cockroach comes into view.
Casting: Magic Dart (safe; 9% risk of failure)
Confirm with . or Enter, or press ? or * to list all spells.
Aiming: Slow (safe; 13% risk of failure)
Press: ? - help, Shift-Dir - straight line, f/p - kobold
Aim: a kobold, wielding a +0 club (severely wounded, ally target, chance to affect: 57%)
The kobold resists with significant effort.
You hit the kobold but do no damage.
The kobold is severely wounded.
Your crimson imp disappears in a puff of smoke!
The kobold hits you with a +0 club.
A frilled lizard comes into view.
The kobold attacks as you move away! The kobold hits you with a +0 club.
The kobold attacks as you move away! The kobold completely misses you.
Casting: Slow (safe; 13% risk of failure)
Confirm with . or Enter, or press ? or * to list all spells.
You miscast Call Imp.
You are very lightly contaminated with residual magic.
Nothing appears to happen.
Casting: Call Imp (safe; 13% risk of failure)
Confirm with . or Enter, or press ? or * to list all spells.
A beastly little devil appears in a puff of flame.
The kobold hits you with a +0 club. The kobold barely misses you.
The kobold hits you with a +0 club.
* * * LOW HITPOINT WARNING * * *
Casting: Call Imp (safe; 13% risk of failure)
Confirm with . or Enter, or press ? or * to list all spells.
You blink.
The kobold throws a stone.
The stone closely misses you. The kobold attacks as you move away!
The kobold barely misses you.
Your magical contamination has completely faded away.
You feel stable enough to blink again. The kobold attacks as you move away!
The kobold hits you with a +0 club.
* * * LOW HITPOINT WARNING * * *
Magic courses through your body. The kobold hits you with a +0 club.
You die...

#.#..... ..#.#....#
#.#..#.###.#......#
#.#..#.....##.#.#†##.#.
#......................
#....####.....#.####.#.
#....#...........†.....
#.......KB5.#.#.####.#.
#..>...K#.#.#_#.#
#....#.@#...#.#.#
#...)#..#####.#.#
#....#..........#
#....##.........[ .#
##....##.......### ..
#........#........ #.#
###.######.##########.#
..................##.#
##########.#######.##.#
#


You could see 2 kobolds.

Vanquished Creatures
  An endoplasm (D:1)
  A goblin (D:1)
  A hobgoblin (D:1)
  4 jackals (D:1)
  A ball python (D:1)
  2 kobolds (D:1)
  A rat (D:1)
11 creatures vanquished.

Vanquished Creatures (collateral kills)
  A bat (D:1)
  2 frilled lizards (D:1)
  A rat (D:1)
4 creatures vanquished.

Grand Total: 15 creatures vanquished

Notes
Turn   | Place    | Note
-------+----------+-------------------------------------------
     0 | D:1      | promet the Deep Elf Hedge Wizard began the quest for the
                  | Orb.
     0 | D:1      | Reached XP level 1. HP: 10/10 MP: 7/7
   252 | D:1      | Reached XP level 2. HP: 5/15 MP: 1/9
   268 | D:1      | Reached skill level 5 in Spellcasting
   573 | D:1      | Learned a level 1 spell: Slow
   576 | D:1      | Learned a level 2 spell: Blink
   579 | D:1      | Learned a level 2 spell: Call Imp
   629 | D:1      | Found a faded altar of an unknown god.
   670 | D:1      | Slain by a kobold

Illustrated notes

Levels and vault maps discovered:
D:1:      dpeg_arrival_simpleton_a, layout_basic, basic_ecumenical_altar

Skill      XL: |  1  2 |
---------------+-------+-----
Spellcasting   | 5 |  5.1
Short Blades   | |  0.3
Dodging        | |  2.8
Stealth        | |  2.4
Conjurations   | |  1.1
Summonings     | |  1.1
Translocations | |  1.1

Action                   || total
-------------------------++-------
Melee: Dagger            ||    49
       Punch             ||     2
       Short sword       ||     1
 Cast: Magic Dart        ||    11
       Call Imp          ||     3
       Slow              ||     1
       Blink             ||     1
  Use: Scroll            ||     1
       Potion            ||     2
Armor: Robe              ||     9
Dodge: Dodged            ||    42
